 Dungeon Crawl Stone Soup version 0.21-a0-19-g210df22 (webtiles) character file.

37 lauthentik the Conjurer (level 3, -6/26 HPs)
             Began as a Draconian Conjurer on May 24, 2017.
             Mangled by Sigmund
             ... wielding a +0 scythe
              (10 damage)
             ... on level 2 of the Dungeon.
             The game lasted 00:03:33 (595 turns).

lauthentik the Conjurer (Draconian Conjurer)         Turns: 595, Time: 00:03:33

Health: -6/26      AC:  5    Str: 10    XL:     3   Next: 21%
Magic:  1/6        EV: 12    Int: 16    God:
Gold:   80         SH:  0    Dex: 11    Spells: 5/6 levels left

rFire    . . .     SeeInvis .   (no weapon)
rCold    . . .     Gourm    .   (no shield)
rNeg     . . .     Faith    .   (armour unavailable)
rPois    .         Spirit   .   (helmet restricted)
rElec    .         Reflect  .   (no cloak)
rCorr    .         Harm     .   (no gloves)
MR       .....                  (no boots)
Stlth    +.........             (no amulet)
Regen    0.1/turn               (no ring)
MPRegen  0.1/turn               (no ring)

@: confused
A: unfitting armour, cold-blooded, AC +5
a: no special abilities


You were on level 2 of the Dungeon.
You were not hungry.

You visited 1 branch of the dungeon, and saw 2 of its levels.

You collected 80 gold pieces.

Inventory:

Scrolls
 c - 2 scrolls of identify {unknown}
 e - a scroll of teleportation {unknown}
 g - a scroll of fog {unknown}
 k - 2 scrolls of remove curse {unknown}
Potions
 d - 2 potions of heal wounds {unknown}
 f - a potion of berserk rage {unknown}
 i - a potion of curing {unknown}
 j - a potion of degeneration {unknown}
Books
 a - a book of Conjurations

   Spells                             Type                      Level
   a - Magic Dart                     Conjuration                  1
   b - Searing Ray                    Conjuration                  2
   c - Dazzling Spray                 Conjuration/Hexes            3
   d - Fulminant Prism                Conjuration/Hexes            4
   e - Force Lance                    Conjuration/Translocation    4
   f - Iskenderun's Mystic Blast      Conjuration                  4
Comestibles
 b - a bread ration
 h - a meat ration
 l - 8 chunks of flesh
 m - 4 fruits


   Skills:
 + Level 2.0 Dodging
 + Level 2.0 Stealth
 + Level 2.1 Spellcasting
 + Level 4.7 Conjurations


You had 5 spell levels left.
You knew the following spells:

 Your Spells              Type           Power        Failure   Level  Hunger
a - Magic Dart            Conj           ###.         3%          1    #......


Dungeon Overview and Level Annotations

Branches:
Dungeon (2/15)

Altars:

Annotations:
D:2 Sigmund


Innate Abilities, Weirdness & Mutations

Your plain brown scales are hard. (AC +5)
You cannot fit into any form of body armour.
You are cold-blooded and may be slowed by cold attacks.


Message History

Aiming: Magic Dart
Press: ? - help, Shift-Dir - straight line The magic dart hits something.
Casting: Magic Dart
Confirm with . or Enter, or press ? or * to list all spells.
Aiming: Magic Dart
Press: ? - help, Shift-Dir - straight line The magic dart hits something.
Something hits you.
You hit something but do no damage.
You hear some strange, mumbled words.
You are confused.
You bump into the rock wall.
Something barely misses you. Something hits you!
Ouch! That really hurt!
* * * LOW HITPOINT WARNING * * *
Found 16 gold pieces.
You see here a meat ration.
Something hits you!
You die...

###...##.$.#
##...........
............
#...........
#...........
........... $###
#........# ....##
###%....#
......##.{@#..##
#.....[..#..... .
#...........###..
..##.....>.....#
...............#.
.....#...........
..................
.......)......##.#
.....(#.......##.#


There were no monsters in sight!

Vanquished Creatures
  2 gnolls (D:2)
  A dart slug (D:2)
  3 leopard geckos
  A ball python (D:1)
  A giant cockroach (D:1)
  A goblin (D:1)
  2 hobgoblins
  A bat (D:1)
  A kobold (D:2)
13 creatures vanquished.

Notes
Turn   | Place    | Note
-------+----------+-------------------------------------------
     0 | D:1      | lauthentik the Draconian Conjurer began the quest for the Orb.
     0 | D:1      | Reached XP level 1. HP: 14/14 MP: 3/3
   202 | D:1      | Reached XP level 2. HP: 20/20 MP: 0/5
   373 | D:1      | You fall through a shaft!
   469 | D:2      | Reached XP level 3. HP: 23/26 MP: 0/6
   581 | D:2      | Noticed Sigmund
   595 | D:2      | Mangled by Sigmund

Vault maps used:
D:1:      nicolae_arrival_memento_mori, minmay_door_square
D:2:      uniq_sigmund

Skill      XL: |  1  2 |
---------------+-------+-----
Dodging        | 2 |  2.0
Stealth        | 2 |  2.0
Spellcasting   | |  2.1
Conjurations   | |  4.7

Action                   || total
-------------------------++-------
Melee: Unarmed           ||     5
       Tailslap          ||     1
 Cast: Magic Dart        ||    36
Armor: Skin              ||     4
Dodge: Dodged            ||    11
